 Dungeon Crawl Stone Soup version 0.23-a0-338-g8ff0b24 (webtiles) character file.

431 Ijustatesigmund the Sneak (level 6, 0/57 HPs)
             Began as an Octopode Wizard on Oct 18, 2018.
             Succumbed to a scorpion's poison
             ... in an ossuary.
             The game lasted 00:08:31 (4976 turns).

Ijustatesigmund the Sneak (Octopode Wizard)         Turns: 4976, Time: 00:08:32

Health: 0/57       AC: 23    Str:  6    XL:     6   Next: 99%
Magic:  2/10       EV:  2    Int: 21    God:
Gold:   195        SH:  0    Dex: 12    Spells: 2/11 levels left

rFire    . . .     SeeInvis .   d - +0 short sword
rCold    . . .     Gourm    .   (no shield)
rNeg     + + +     Faith    .   (helmet currently unavailable)
rPois    +         Spirit   .   (no amulet)
rElec    .         Reflect  .   (no ring)
rCorr    .         Harm     .   (no ring)
MR       .....     NoTele   +   (no ring)
Stlth    +++.......             (no ring)
HPRegen  0.19/turn              (no ring)
MPRegen  0.12/turn              (no ring)
                                (no ring)
                                (no ring)

@: lethally poisoned (0 -> -19), tree-form
A: almost no armour, stealthy swim, (amphibious), 8 rings, (constrict 8)
a: no special abilities


You were in an ossuary.
You were not hungry.
You were a tree.
You visited 1 branch of the dungeon, and saw 4 of its levels.
You also visited: Ossuary.

You collected 195 gold pieces.

Inventory:

Hand Weapons
 d - a +0 short sword (weapon)
Missiles
 k - 5 curare-tipped needles
Armour
 a - a +0 hat (melded)
Scrolls
 b - 2 scrolls of magic mapping
 f - a scroll of immolation {unknown}
 g - a scroll of remove curse
 i - 3 scrolls of teleportation
 m - a scroll of identify
 n - a scroll of amnesia {unknown}
 p - a scroll of enchant armour {unknown}
Potions
 l - a potion of flight {unknown}
Comestibles
 c - 4 rations


   Skills:
 + Level 1.3 Fighting
 + Level 2.5 Dodging
 - Level 4.5 Stealth
 - Level 3.0 Spellcasting
 - Level 3.1 Conjurations
   Level 1.0 Summonings
 - Level 3.2 Translocations
 - Level 3.0 Air Magic
 - Level 2.0 Poison Magic


You had 2 spell levels left.
You knew the following spells:

 Your Spells              Type           Power        Failure   Level  Hunger
a - Magic Dart            Conj           ###.         3%          1    None
b - Blink                 Tloc           N/A          5%          2    ##.....
c - Mephitic Cloud        Conj/Pois/Air  ##......     13%         3    ###....
d - Conjure Flame         Conj/Fire      #.......     21%         3    ###....

Your spell library contained the following spells:

 Spells                   Type           Power        Failure   Level  Hunger
 Call Imp                 Summ           #.......     13%         2    ##.....
 Slow                     Hex            #.......     21%         2    ##.....


Dungeon Overview and Level Annotations

Branches:
Dungeon (4/15)             Temple (0/1) D:4

Altars:
Xom
The Shining One


Innate Abilities, Weirdness & Mutations

You cannot wear most types of armour.
You are very stealthy in the water. (Stealth+)
((You are amphibious.))
You can wear up to eight rings at the same time.
((You can use your tentacles to constrict eight enemies at once.))
((Your skin changes colour to match your surroundings (Stealth+).))
((Your rubbery body absorbs attacks. (AC +1, EV +1)))
((One of your tentacles bears a spike.))
((You are partially covered in icy blue scales. (AC +2)))


Message History

You constrict the scorpion. The scorpion closely misses you.
The human zombie hits you.
You hit the scorpion but do no damage.
The scorpion is almost dead.
You constrict the scorpion. The scorpion stings you.
You are poisoned.
The scorpion poisons you! The human zombie barely misses you.
You hit the scorpion but do no damage.
You squeeze the scorpion, but do no damage.
The scorpion is almost dead.
You constrict the scorpion, but do no damage.
You feel sick. The scorpion stings you!
* * * LOW HITPOINT WARNING * * *
You are more poisoned.
The scorpion poisons you! The human zombie hits you.
* * * LOW HITPOINT WARNING * * *
It was a potion of lignification.
You turn into a tree.
Your +0 hat melds into your body.
Your roots penetrate the ground.
You lose your grip on the scorpion.
You die...

#..^#.......#
#...'...8...#
#...#...#...#
##'#######'######## #+##
#...#...#^..#.....# ....#
#...8...#...'.....#.....#
#.......#^.^#.....8.....#
##8...8######.Z.........#
#.......#!.M#♣s.........#
#...8...#!.!###8.....8###
#...#...#??.# ..........
######'###+##...........#
#...#...# #.....8.....#
#.∩.'.∩.# +.....#.....#
#...#...# #.....#.....
######### #### ##


You could see a scorpion and a human zombie.

Vanquished Creatures
  3 scorpions (Ossuary)
  A centaur zombie (Ossuary)
  A human zombie (Ossuary)
  An orc wizard (D:3)
  A worker ant (D:4)
  A scorpion zombie (Ossuary)
  6 adders (D:3)
  2 oozes
  2 worms (D:2)
  4 dart slugs
  A leopard gecko (D:3)
  8 orcs (D:3)
  2 ball pythons
  6 bats
  3 giant cockroaches
  A gnoll zombie (Ossuary)
  7 hobgoblins
  6 jackals
  3 quokkas (D:2)
  3 frilled lizards
  7 goblins
  A goblin zombie (Ossuary)
  6 kobolds (D:1)
  An orc zombie (Ossuary)
  A quokka skeleton (D:4)
  9 rats
87 creatures vanquished.

Vanquished Creatures (others)
  5 dream sheep (D:3)
5 creatures vanquished.

Grand Total: 92 creatures vanquished

Notes
Turn   | Place    | Note
-------+----------+-------------------------------------------
     0 | D:1      | Ijustatesigmund the Octopode Wizard began the quest for the
                  | Orb.
     0 | D:1      | Reached XP level 1. HP: 11/11 MP: 4/4
   454 | D:1      | Reached XP level 2. HP: 16/17 MP: 3/6
  1081 | D:1      | Reached XP level 3. HP: 15/21 MP: 1/7
  1220 | D:1      | Found a glowing golden altar of the Shining One.
  1730 | D:1      | Gained mutation: You are partially covered in icy blue
                  | scales. (AC +2) [potion of mutation]
  1730 | D:1      | Gained mutation: One of your tentacles bears a spike.
                  | [potion of mutation]
  1757 | D:2      | Learned a level 2 spell: Blink
  1761 | D:2      | Learned a level 3 spell: Mephitic Cloud
  2255 | D:2      | Reached skill level 1 in Poison Magic
  2255 | D:2      | Reached XP level 4. HP: 27/27 MP: 0/8
  2750 | D:3      | Reached skill level 1 in Air Magic
  3253 | D:3      | Reached XP level 5. HP: 31/31 MP: 1/9
  3530 | D:3      | Reached skill level 3 in Stealth
  3725 | D:3      | Found a shimmering altar of Xom.
  3725 | D:3      | Noticed a dream sheep
  3725 | D:3      | Noticed a dream sheep
  3725 | D:3      | Noticed a dream sheep
  3725 | D:3      | Noticed a dream sheep
  3725 | D:3      | Noticed a dream sheep
  3731 | D:3      | Killed a dream sheep
  3731 | D:3      | Killed a dream sheep
  3731 | D:3      | Killed a dream sheep
  3732 | D:3      | Killed a dream sheep
  3732 | D:3      | Killed a dream sheep
  4309 | D:4      | Found a staircase to the Ecumenical Temple.
  4402 | D:4      | Found a sand-covered staircase.
  4410 | Ossuary  | Entered an ossuary
  4415 | Ossuary  | Learned a level 3 spell: Conjure Flame
  4441 | Ossuary  | Reached skill level 4 in Stealth
  4441 | Ossuary  | Reached XP level 6. HP: 26/36 MP: 2/10
  4883 | Ossuary  | Reached skill level 1 in Fighting
  4975 | Ossuary  | HP: 1/38 [human zombie (5)]
  4976 | Ossuary  | Succumbed to a scorpion's poison

Vault maps used:
D:1:      dpeg_arrival_arbitrary_c, minmay_misc_feat_encased, chequers_garden,
          tso_metal_star
D:3:      kb_xom_exploding_sheep
D:4:      minmay_temple_entry_junction_2, first_ration, enter_ossuary_4,
          uniq_grinder
Ossuary:  ossuary_minmay_scorpions

Skill      XL: |  1  2  3  4  5  6 |
---------------+-------------------+-----
Conjurations   | 2 3 |  3.1
Poison Magic   | 1 2 |  2.0
Air Magic      | 1 2 3 |  3.0
Translocations | 2 3 |  3.2
Stealth        | 4 |  4.5
Fighting       | 1 |  1.3
Dodging        | |  2.5
Spellcasting   | |  3.0
Summonings     | |  1.0

Action                   |  1- 3 |  4- 6 || total
-------------------------+-------+-------++-------
Melee: Unarmed           |     3 |       ||     3
       Tentacles         |     3 |    18 ||    21
       Short sword       |    27 |    62 ||    89
       Constrict         |     7 |    12 ||    19
       Kick              |     4 |    16 ||    20
 Cast: Magic Dart        |    76 |   130 ||   206
       Blink             |       |     1 ||     1
  Use: Scroll            |     6 |     1 ||     7
       Potion            |     1 |     7 ||     8
 Stab: Sleeping          |     1 |     4 ||     5
       Distracted        |     1 |       ||     1
  Eat: Chunk             |     4 |     7 ||    11
       Ration            |       |     1 ||     1
Armor: Skin              |     4 |    10 ||    14
Dodge: Dodged            |    24 |    64 ||    88

Table legend:
 A = Non-vault XP
 B = Vault XP
 C = Vault XP percentage of total XP
 D = Non-vault monster count
 E = Vault monster count
 F = Vault count percentage of total count
                 A         B        C        D         E       F
            +---------+---------+-------+---------+---------+-------
      Total |     302 |     314 |  51.0 |      78 |       9 |  10.3
            +---------+---------+-------+---------+---------+-------
        D:1 |      50 |       0 |   0.0 |      27 |       0 |   0.0
        D:2 |      44 |       0 |   0.0 |      19 |       0 |   0.0
        D:3 |     172 |       0 |   0.0 |      29 |       0 |   0.0
        D:4 |      36 |       0 |   0.0 |       3 |       0 |   0.0
    Ossuary |       0 |     314 | 100.0 |       0 |       9 | 100.0
            +---------+---------+-------+---------+---------+-------
